 Dungeon Crawl Stone Soup version 0.29-a0-330-g52719c12eb (webtiles) character file.

Game seed: 4644824066575051042

19 kae the Firebug (level 2, -16/22 HPs)
             Began as a Demigod Fire Elementalist on Apr 22, 2022.
             Demolished by an ogre
             ... wielding a +0 giant club
              (17 damage)
             ... on level 2 of the Dungeon.
             The game lasted 00:00:24 (573 turns).

kae the Firebug (Demigod Fire Elementalist)          Turns: 573, Time: 00:00:24

Health: -16/22     AC:  3    Str:  9    XL:     2   Next: 39%
Magic:  4/7        EV: 12    Int: 17    God:
Gold:   25         SH:  0    Dex: 14    Spells: 4/5 levels left

rFire   . . .      SeeInvis .   c - staff of death
rCold   . . .      Faith    .   (no shield)
rNeg    + . .      Spirit   .   a - +1 robe
rPois   .          Reflect  .   (no helmet)
rElec   .          Harm     .   (no cloak)
rCorr   .          Rampage  .   (no gloves)
Will    .....                   (no boots)
Stlth   ++........              (no amulet)
HPRegen 0.07/turn               (no ring)
MPRegen 0.10/turn               (no ring)

@: attractive
A: high MP 1, forlorn, divine attributes
a: no special abilities


You were on level 2 of the Dungeon.
You visited 1 branch of the dungeon, and saw 2 of its levels.

You collected 25 gold pieces.

Inventory:

Armour
 a - a +1 robe (worn)
Magical Staves
 c - a staff of death (weapon)
Potions
 b - a potion of magic


   Skills:
 + Level 0.6 Fighting
 - Level 1.7 Dodging
 - Level 1.7 Stealth
 + Level 2.0 Spellcasting
 + Level 1.2 Conjurations
 * Level 3.1 Fire Magic


You had 4 spell levels left.
You knew the following spells:

 Your Spells              Type           Power      Damage    Failure   Level
a - Foxfire               Conj/Fire      36%        2x1d5     8%          1

Your spell library contained the following spells:

 Spells                   Type           Power      Damage    Failure   Level
 Scorch                   Fire           24%        2d6       9%          2
 Conjure Flame            Conj/Fire      9%         6-21      24%         3
 Inner Flame              Hex/Fire       6%         N/A       30%         3
 Flame Wave               Conj/Fire      9%         2d5       61%         4


Dungeon Overview and Level Annotations

Branches:
Dungeon (1/15)


Innate Abilities, Weirdness & Mutations

You have an increased reservoir of magic. (+10% MP)
You shall have no god before yourself.
Your divine heritage dramatically boosts your attributes as you level up.


Message History

You conjure some foxfire!
The foxfire hits the ogre.
The ogre is lightly wounded.
Your foxfire dissipates!
An ogre is nearby!
An ogre is nearby!
Casting: Foxfire (safe; 8% risk of failure)
Confirm with . or Enter, or press ? or * to list all spells.
You conjure some foxfire!
The ogre closely misses you.
Casting: Foxfire (safe; 8% risk of failure)
Confirm with . or Enter, or press ? or * to list all spells.
You don't know that spell.
Casting: Foxfire (safe; 8% risk of failure)
Confirm with . or Enter, or press ? or * to list all spells.
There is not enough space to conjure foxfire!
Casting: Foxfire (safe; 8% risk of failure)
Confirm with . or Enter, or press ? or * to list all spells.
There is not enough space to conjure foxfire!
Your foxfire dissipates!
The ogre attacks as you move away! The ogre hits you with a +0 giant club!
Ouch! That really hurt!
The foxfire hits the ogre.
The ogre is lightly wounded.
It was a potion of curing.
You feel better. The ogre barely misses you.
It was a potion of attraction.
You feel attractive to monsters.
As you read the scroll labelled ATREULAHUH, it crumbles to dust.
It is a scroll of enchant weapon.
You aren't carrying any weapons that can be enchanted.
The ogre hits you with a +0 giant club!
Ouch! That really hurt!
* * * LOW HITPOINT WARNING * * *
As you read the scroll labelled OPUXITO KAORY, it crumbles to dust.
It is a scroll of enchant armour.
Your +0 robe glows green for a moment.
The ogre closely misses you. The ogre is attracted toward you.
Casting: Foxfire (safe; 8% risk of failure)
Confirm with . or Enter, or press ? or * to list all spells.
You conjure some foxfire!
The ogre hits you with a +0 giant club!
Ouch! That really hurt!
You die...

#.......
#.:.... .....
... #.#
########
#§####......#
#...........#
#..O.v......#
#...@v####.##
#.....#
#.######
#.....#
#......##
#.....#
#.......#
#.....#
#.......##
#######
#........#
#..#####.#
#..†.# #..###


You could see an ogre (ally target).

Vanquished Creatures
  An adder (D:2)
  A worm (D:2)
  A bat (D:1)
  A quokka (D:2)
  A frilled lizard (D:1)
  3 rats (D:2)
8 creatures vanquished.

Vanquished Creatures (collateral kills)
  A foxfire (D:1)
1 creature vanquished.

Vanquished Creatures (others)
  35 foxfires
35 creatures vanquished.

Grand Total: 44 creatures vanquished

Notes
Turn   | Place    | Note
-------+----------+-------------------------------------------
     0 | D:1      | kae the Demigod Fire Elementalist began the quest for the
                  | Orb.
     0 | D:1      | Reached XP level 1. HP: 14/14 MP: 5/5
   223 | D:1      | You fall into a shaft and drop 1 floor!
   234 | D:2      | Reached skill level 1 in Conjurations
   439 | D:2      | Reached skill level 3 in Fire Magic
   439 | D:2      | Reached XP level 2. HP: 22/22 MP: 4/7
   559 | D:2      | Noticed an ogre
   569 | D:2      | HP: 1/22 [ogre/+0 giant club (12)]
   573 | D:2      | Demolished by an ogre

Illustrated notes

Levels and vault maps discovered:
D:1:      denvon_arrival_planthouse, layout_loops_corners,
          hellmonk_ecumenical_altar_pennies_from_heaven
D:2:      layout_basic, minmay_rat_gold_closets

Skill      XL: |  1  2 |
---------------+-------+-----
Conjurations   | 1 |  1.2
Fire Magic     | 3 |  3.1
Spellcasting   | 2 |  2.0
Fighting       | |  0.6
Dodging        | |  1.7
Stealth        | |  1.7

Action                   || total
-------------------------++-------
Melee: Staff             ||    18
 Cast: Foxfire           ||    22
  Use: Scroll            ||     2
       Potion            ||     2
 Stab: Sleeping          ||     1
Armor: Robe              ||     3
Dodge: Dodged            ||    17

Table legend: (Time is in decaauts)
 A = Elapsed time spent in this place.
 B = Non-inter-level travel time spent in this place.
 C = Inter-level travel time spent in this place.
 D = Time resting spent in this place.
 E = Time spent auto-exploring this place.
 F = Levels seen in this place.
 G = Mean time per level.
                   A        B        C        D        E       F      G
               +--------+--------+--------+--------+--------+-----+--------+
         Total |    575 |    575 |      0 |      0 |    476 |   2 |  287.5 |
       Dungeon |    575 |    575 |      0 |      0 |    476 |   2 |  287.5 |
               +--------+--------+--------+--------+--------+-----+--------+

Top non-repeatable levels by time:
     D:2: 352 daAuts
     D:1: 223 daAuts
